 Dungeon Sprint DCSS version 0.32-a0-876-gcfddb08e57 (webtiles) character file.

Game seed: 1402263563873005197

1000000 Griffin23 the Trooper (level 1, -35/18 HPs)
             Began as a Formicid Wanderer on Apr 1, 2024.
             Annihilated by a meat berserker
             ... wielding a +9 battleaxe
              (53 damage)
             ... in the Dungeon (Sprint VIII: "Arena of Blood").
             The game lasted 00:01:12 (10 turns).

Griffin23 the Trooper (Formicid Wanderer)             Turns: 10, Time: 00:01:12

Health: -35/18     AC:  3    Str: 17    XL:     1   Next: 0%
Magic:  2/2        EV: 10    Int: 11    God:
Gold:   0          SH:  0    Dex: 12    Spells: 2/2 levels left

rFire   . . .        g - +∞ Axe of Woe
rCold   . . .        (no shield)
rNeg    . . .        c - +0 leather armour
rPois   .            (helmet unavailable)
rElec   .            (no cloak)
rCorr   .            (no gloves)
SInv    +            (no boots)
Will    .....        (no amulet)
Stlth   +            (no ring)
HPRegen 0.23/turn    (no ring)
MPRegen 0.08/turn

%: no passive effects
@: no status effects
A: permanent stasis, dig shafts and tunnels, antennae 3, four strong arms
a: Dig


You were in the Dungeon.
You visited 1 branch

Inventory:

Hand Weapons
 a - a +3 hand axe
 g - the +∞ Axe of Woe (weapon)
   (You found it in the Dungeon)
Armour
 c - a +0 leather armour (worn)
Scrolls
 b - a scroll of vulnerability
Potions
 d - a potion of curing
 e - a potion of heal wounds
 f - 2 potions of magic


   Skills:
 + Level 3.2 Fighting
 * Level 3.0 Axes
 - Level 1.2 Stealth
 - Level 1.1 Spellcasting
 - Level 1.0 Necromancy
 + Level 1.1 Evocations


You had 2 spell levels left.
You didn't know any spells.
Your spell library contained the following spells:

 Spells                   Type           Power      Damage    Failure   Level
 Sublimation of Blood     Necr           2%         N/A       36%         2
 Cigotuvi's Dreadful Rot  Necr/Alch/Air  2%         N/A       45%         2


Dungeon Overview and Level Annotations

Branches:
Dungeon (1/1)

Altars:
Makhleb


Innate Abilities, Weirdness & Mutations

You cannot be hasted, slowed, berserked, paralysed or teleported.
You can dig through walls and to a lower floor.
You have a pair of large antennae on your head. (SInv)
Your four strong arms can wield two-handed weapons with a shield.


Message History

-- -- -- Before you lies the servitor of chaos, -- -- The cleaver, -- -- The blasphemer, -- -- The destroyer, -- -- The Axe of Woe. -- -- -- -- Vessel of Makhleb, -- -- You are the unmaker, -- -- You bring the rapture, -- -- The murmurs of the thralls rise... -- -- The theatre of blood begins. -- -- -- ------------------------------------------------------------------------------ ------------------------------------------------------------------------------ Welcome, Griffin23 the Formicid Wanderer. [Dungeon Sprint] Press ? for a list of commands and other information.
Found the +∞ Axe of Woe.
Found four burning altars of Makhleb.
Found a staircase leading out of the dungeon.
You begin with the following items: a +3 hand axe, a scroll of vulnerability, a +0 leather armour, a potion of curing, a potion of heal wounds, 2 potions of magic; and the following spells available to memorise: Sublimation of Blood, Cigotuvi's Dreadful Rot.
g - the +∞ Axe of Woe
g - the +∞ Axe of Woe (weapon)
A bag of meat comes into view. It is wielding a +9 war axe.
The bag of meat shouts!
You hear a shout!
A bag of meat comes into view. It is wielding a +9 war axe. x2
You hear a shout!
The bag of meat shouts! 2 bags of meat come into view.
The meat berserker appears out of thin air!
A meat berserker comes into view. It is wielding a +9 battleaxe.
The bag of meat shouts! x2; The meat berserker shouts!
You hear a shout! x2
The meat berserker appears out of thin air!
A meat berserker comes into view. It is wielding a +9 battleaxe.
The meat berserker shouts!
A bag of meat comes into view. It is wielding a +9 war axe.
The bag of meat appears out of thin air!
A bag of meat comes into view. It is wielding a +9 war axe.
The bag of meat shouts!
A meat berserker comes into view. It is wielding a +9 battleaxe.
The meat berserker rages.
A meat berserker comes into view. It is wielding a +9 battleaxe.
You hit the bag of meat.
You slaughter the bag of meat joyfully.
You kill the bag of meat!
The bag of meat appears out of thin air!
A bag of meat comes into view. It is wielding a +9 war axe.
The bag of meat shouts!
A meat berserker comes into view. It is wielding a +9 battleaxe.
The meat berserker rages.
A bag of meat comes into view. It is wielding a +9 war axe.
The meat berserker hits you with a +9 battleaxe!!!
Ouch! That really hurt!
You die...

.......oo.#.#.
......O......
{............
...........
..o.......
.........{
#O.o....# #..
#@).O...#
....###......O###.
.........###.o....
.#...o...._......
....O..#.o...#..
.......#_.<._#
...o...#.....#
.#........_.....
.........###......


You could see 5 meat berserkers and 8 bags of meat.

Vanquished Creatures
  An orc (D)
1 creature vanquished.

Notes
Turn   | Place    | Note
-------+----------+-------------------------------------------
     0 | D        | Found the +∞ Axe of Woe
     0 | D        | Griffin23 the Formicid Wanderer began the quest for the
                  | Orb.
     0 | D        | Griffin23 set off with the following items: a +3 hand axe,
                  | a scroll of vulnerability, a +0 leather armour, a potion of
                  | curing, a potion of heal wounds, 2 potions of magic; and
                  | the following spells available to memorise: Sublimation of
                  | Blood, Cigotuvi's Dreadful Rot.
     0 | D        | Reached XP level 1. HP: 18/18 MP: 2/2
     2 | D        | Noticed a bag of meat
     3 | D        | Noticed a bag of meat
     3 | D        | Noticed a bag of meat
     6 | D        | Noticed a bag of meat
     6 | D        | Noticed a bag of meat
     6 | D        | Noticed a meat berserker
     7 | D        | Noticed a meat berserker
     7 | D        | Noticed a bag of meat
     8 | D        | Noticed a bag of meat
     8 | D        | Noticed a meat berserker
    10 | D        | Noticed a meat berserker
    10 | D        | Killed a bag of meat
    10 | D        | Noticed a bag of meat
    10 | D        | Noticed a meat berserker
    10 | D        | Noticed a bag of meat
    10 | D        | Annihilated by a meat berserker

Illustrated notes

Levels and vault maps discovered:
D:        meatsprint

Action                     || total
---------------------------++-------
  Melee: Executioner's axe ||     1
 Armour: Leather armour    ||     1

Table legend: (Time is in decaauts)
 A = Elapsed time spent in this place.
 B = Non-inter-level travel time spent in this place.
 C = Inter-level travel time spent in this place.
 D = Time resting spent in this place.
 E = Time spent auto-exploring this place.
 F = Levels seen in this place.
 G = Mean time per level.
                   A        B        C        D        E       F      G
               +--------+--------+--------+--------+--------+-----+--------+
         Total |      9 |      9 |      0 |      0 |      0 |   1 |    9.0 |
       Dungeon |      9 |      9 |      0 |      0 |      0 |   1 |    9.0 |
               +--------+--------+--------+--------+--------+-----+--------+

Top non-repeatable levels by time:
       D: 9 daAuts
